 Dungeon Crawl Stone Soup version 0.29.1-12-g30fa7ad0bf (webtiles) character file.

Game seed: 47270228144127289

4 rakiston the Caller (level 1, 0/13 HPs)
             Began as a Merfolk Summoner on Jan 13, 2023.
             Slain by a ball python (3 damage)
             ... on level 1 of the Dungeon.
             The game lasted 00:02:59 (101 turns).

rakiston the Caller (Merfolk Summoner)               Turns: 101, Time: 00:03:00

Health: 0/13       AC:  2    Str:  8    XL:     1   Next: 70%
Magic:  0/3        EV: 12    Int: 14    God:
Gold:   19         SH:  0    Dex: 14    Spells: 3/4 levels left

rFire   . . .      SeeInvis .   (no weapon)
rCold   . . .      Faith    .   (no shield)
rNeg    . . .      Spirit   .   a - +0 robe
rPois   .          Reflect  .   (no helmet)
rElec   .          Harm     .   (no cloak)
rCorr   .          Rampage  .   (no gloves)
Will    .....                   (no boots)
Stlth   ++........              (no amulet)
HPRegen 0.04/turn               (no ring)
MPRegen 0.08/turn               (no ring)

@: no status effects
A: (nimble swimmer 2), mertail
a: no special abilities


You were on level 1 of the Dungeon.
You visited 1 branch of the dungeon, and saw 1 of its levels.

You collected 19 gold pieces.

Inventory:

Armour
 a - a +0 robe (worn)
Potions
 b - a potion of magic


   Skills:
 - Level 2.6 Dodging
 - Level 2.1 Stealth
 + Level 2.0 Spellcasting
 + Level 4.2 Summonings


You had 3 spell levels left.
You knew the following spells:

 Your Spells              Type           Power      Damage    Failure   Level
a - Summon Small Mammal   Summ           52%        N/A       4%          1

Your spell library contained the following spells:

 Spells                   Type           Power      Damage    Failure   Level
 Call Imp                 Summ           13%        N/A       6%          2
 Call Canine Familiar     Summ           13%        N/A       12%         3
 Summon Guardian Golem    Hex/Summ       7%         N/A       30%         3
 Summon Lightning Spire   Summ/Air       7%         N/A       69%         4
 Fulminant Prism          Conj/Hex       0%         3d6       93%         4
 Iskenderun's Mystic Bla  Conj/Tloc      1%         2d3       93%         4
 Lee's Rapid Deconstruct  Erth           0%         3d5*      100%        5


Dungeon Overview and Level Annotations

Branches:
Dungeon (1/15)

Altars:


Innate Abilities, Weirdness & Mutations

((You are very nimble when in or above water. (Stealth+, EV+, Speed+++)))
Your lower body shifts to a powerful aquatic tail in water.


Message History

The ball python constricts you. The kobold hits you but does no damage.
Your bat closely misses the kobold.
The giant cockroach bites your bat.
Your bat closely misses the giant cockroach.
You barely miss the ball python. Your bat misses the kobold.
Your bat hits the kobold. x2
The kobold dies!
The ball python bites you but does no damage.
The ball python constricts you.
Your bat closely misses the ball python.
Your bat hits the giant cockroach but does no damage.
You completely miss the giant cockroach.
Your bat hits the giant cockroach but does no damage. x2
The ball python bites you. The ball python constricts you.
The giant cockroach barely misses you. The ball python bites you.
The ball python constricts you.
Your bat hits the giant cockroach but does no damage.
You hit the giant cockroach but do no damage.
Your bat hits the giant cockroach.
Your bat closely misses the giant cockroach.
Your bat closely misses the ball python.
The giant cockroach bites you but does no damage.
The ball python barely misses you. The ball python constricts you.
Your bat hits the giant cockroach but does no damage.
You escape the ball python's grasp.
The giant cockroach attacks as you move away!
The giant cockroach bites you.
* * * LOW HITPOINT WARNING * * *
Your bat closely misses the ball python.
Your bat barely misses the ball python.
The giant cockroach barely misses your bat.
Your bat barely misses the ball python.
Your bat hits the ball python. Your bat misses the ball python.
Your bat barely misses the ball python.
The giant cockroach misses your bat.
The ball python bites you but does no damage.
The ball python misses you.
Your bat hits the giant cockroach but does no damage.
The giant cockroach barely misses your bat.
The ball python attacks as you move away!
The ball python bites you.
You die...

## ## . .# ##.##
#######...######
..)....B#.......
#.bb# ##S##
#@###
#...######## ##
###........# #.
########.######.
#...)....
#########


You could see a giant cockroach, a ball python (ally target) and 2 friendly
bats.

Vanquished Creatures (collateral kills)
  2 goblins (D:1)
  2 kobolds (D:1)
  A rat (D:1)
5 creatures vanquished.

Notes
Turn   | Place    | Note
-------+----------+-------------------------------------------
     0 | D:1      | rakiston the Merfolk Summoner began the quest for the Orb.
     0 | D:1      | Reached XP level 1. HP: 13/13 MP: 3/3
   101 | D:1      | Slain by a ball python

Illustrated notes

Levels and vault maps discovered:
D:1:      lemuel_arrival_river_passageway, layout_loops_ring,
          dreamdust_princess_corridor, serial_park_tiny_2,
          chequers_serial_rivers_large_b

Action                   || total
-------------------------++-------
Melee: Unarmed           ||     5
 Cast: Summon Small Mamm ||     8
Armor: Robe              ||     5
Dodge: Dodged            ||    10
